Cogmind - Beta 15 @@@ ROGUE MODE // 2025.08.03 @ 13:55:56 Player: FrigidRock Result: Destroyed by P-80 Master with Gamma Rifle Performance ------------- Evolutions (9) 4500 Regions Visited (26) 5200 Robots Destroyed (170) 850 Value Destroyed (14518) 14518 Prototype IDs (20) 400 Alien Tech Used (0) 0 Bonus (25710) 25710 TOTAL SCORE: 51178 Bonus ------- Triggered High Security 1500 High Alert Combat Kills 2112 Follower Combat Kills 11627 Entered Garrisons 1800 Used RIF Installer 5000 Network Hubs Disabled 200 Built Enhanced Grunts 300 A7 Reached Mainframe 300 Met R17 at Cetus 500 Met R17 at Research 2000 Scanned by Researcher 500 Friendly Fire -129 Cogmind --------- Core Integrity 0/1600 Matter 103/300 Energy 100/100 System Corruption 14% Temperature Cool (0) Movement Core (250) Ox4 Location -1/Access Parts ------- > --- POWER (2) -------- (None) > --- PROPULSION (6) --- (None) > --- UTILITY (13) ----- (None) > --- WEAPON (4) ------- Enhanced Hardcell Cannon > --- INVENTORY (5) ---- Particle Reactor Advanced Cooling System Experimental Transmission Jammer Improved Thermal Shield Peak State ------------ > --- POWER ------------ Quantum Reactor Light Quantum Reactor > --- PROPULSION ------- Myomer Leg Biometal Leg Biometal Leg Biometal Leg Biometal Leg Centrium Leg > --- UTILITY ---------- Huge Storage Unit Centrium Light Armor Plating Relay Coupler [NC] Relay Coupler [Cutter] Relay Coupler [Grunt] Relay Coupler [Brawler] Relay Coupler [Duelist] Relay Coupler [Sentry] Relay Coupler [Demolisher] Relay Coupler [Specialist] Relay Coupler [Hunter] Relay Coupler [Hunter] Relay Coupler [Behemoth] > --- WEAPON ----------- Enhanced Hardcell Cannon Enhanced Hardcell Cannon Enhanced Hardcell Cannon Advanced Remote Datajack > --- INVENTORY -------- Particle Reactor Quantum Reactor Light Quantum Reactor Light Quantum Reactor Myomer Leg Centrium Leg Advanced Cooling System Improved Coolant Injector Long-range Terrain Scanner Experimental Transmission Jammer Improved Thermal Shield Advanced Remote Force Field Advanced Remote Force Field Relay Coupler [Grunt] Relay Coupler [Duelist] Relay Coupler [Specialist] Relay Coupler [Specialist] Relay Coupler [Heavy] Relay Coupler [Heavy] Long-range Phase Cannon Enhanced Hardcell Cannon Fusion Bomb Launcher Advanced Remote Datajack [Rating: 170] Favorites ----------- Power Quantum Reactor Engine Angular Momentum Engine Power Core Light Nuclear Core Reactor Quantum Reactor Propulsion Myomer Leg Treads Biometal Heavy Treads Leg Myomer Leg Wheel Subdweller Monowheel Hover Unit Aerolev Unit Utility Relay Coupler [Hunter] Device Seismic Detector Storage Huge Storage Unit Processor Core Analyzer Hackware Relay Coupler [Hunter] Protection Hardened Light Armor Plating Weapon Advanced Remote Datajack Energy Gun Enhanced Quantum Rifle Energy Cannon Enhanced Nova Cannon Ballistic Gun Battle Rifle Ballistic Cannon Heavy Gauss Cannon Launcher Improved Proton Missile Launcher Special Weapon Advanced Remote Datajack Slashing Weapon Greatsword Special Melee Weapon Improved Datajack Build | -11 -10 -10 -8 -8 -8 -8 -7 -7 -7 -7 -6 -6 -5 -5 -4 -4 -4 -4 -4 -3 -3 -2 -2 -1 -1 -1 ------- Run | Yrd Mat Sub Mat Gar Mat Gar Fac Gar Fac Gar Fac Gar Fac Gar Fac Ext Cet Arc Hub Res Gar Res Gar Acc Gar Acc Slots Evolved 18 | . . . 4 . . . 2 . . . 2 . 2 . 2 . . . . 2 . 2 . 2 . . Power 1 | . . . . . . . . . . . . . . . 1 . . . . . . . . . . . Propulsion 4 | . . . 2 . . . . . . . . . . . . . . . . 2 . . . . . . Utility 11 | . . . 2 . . . 2 . . . 2 . 2 . . . . . . . . 2 . 1 . . Weapon 2 | . . . . . . . . . . . . . . . 1 . . . . . . . . 1 . . Parts Attached 303 | 6 1 6 9 6 18 6 13 26 9 24 9 15 . 14 4 13 10 . 8 26 30 4 14 . 14 18 Power 34 | 1 . . 4 . 2 1 2 4 1 1 2 1 . 1 1 1 . . 1 3 5 . . . 1 2 Engine 9 | 1 . . 1 . 2 1 . 1 1 . 1 . . . . . . . . 1 . . . . . . Core 10 | . . . 3 . . . 2 3 . 1 1 . . . . . . . . . . . . . . . Reactor 15 | . . . . . . . . . . . . 1 . 1 1 1 . . 1 2 5 . . . 1 2 Propulsion 81 | 3 . 2 1 3 5 2 6 9 4 4 1 3 . 4 . . 1 . 2 14 3 . 5 . 2 7 Treads 17 | . . 1 . 1 . . . 6 4 . . . . 2 . . 1 . 1 1 . . . . . . Leg 52 | 2 . . 1 2 5 2 . 1 . 4 1 3 . 2 . . . . 1 11 3 . 5 . 2 7 Wheel 2 | 1 . 1 . . . . . . . . . . . . . . . . . . . . . . . . Hover 10 | . . . . . . . 6 2 . . . . . . . . . . . 2 . . . . . . Flight . | . . . . . . . . . . . . . . . . . . . . . . . . . . . Utility 125 | . 1 1 1 2 8 . 4 8 2 15 4 9 . 7 1 11 4 . 3 6 15 4 7 . 6 6 Device 26 | . 1 1 1 . 2 . 1 1 . . . 1 . . 1 1 2 . . 4 4 4 1 . 1 . Storage 4 | . . . . 1 . . 1 1 . . . . . . . . . . . 1 . . . . . . Processor 6 | . . . . . . . 1 . . 1 1 . . . . . . . . 1 1 . . . . 1 Hackware 70 | . . . . . . . . 4 . 13 2 8 . 7 . 8 . . 3 . 10 . 5 . 5 5 Protection 19 | . . . . 1 6 . 1 2 2 1 1 . . . . 2 2 . . . . . 1 . . . Artifact . | . . . . . . . . . . . . . . . . . . . . . . . . . . . Weapon 63 | 2 . 3 3 1 3 3 1 5 2 4 2 2 . 2 2 1 5 . 2 3 7 . 2 . 5 3 Energy Gun 11 | . . 1 . . . . . 1 1 . . . . . 2 . 1 . . 2 1 . . . 2 . Energy Cannon 8 | . . . 2 . . . . . . 2 . . . 1 . . . . . . 3 . . . . . Ballistic Gun 8 | 2 . 1 . 1 . . . 2 . 1 . . . . . . 1 . . . . . . . . . Ballistic Cannon 13 | . . . . . . . . . . . 1 2 . . . . 3 . . . 2 . 1 . 2 2 Launcher 4 | . . . 1 . . 1 . . . . 1 . . . . . . . . . . . . . 1 . Special Weapon 10 | . . 1 . . . . . 1 . 1 . . . 1 . 1 . . 1 1 1 . 1 . . 1 Impact Weapon . | . . . . . . . . . . . . . . . . . . . . . . . . . . . Slashing Weapon 8 | . . . . . 3 2 1 1 1 . . . . . . . . . . . . . . . . . Piercing Weapon . | . . . . . . . . . . . . . . . . . . . . . . . . . . . Special Melee Weapon 1 | . . . . . . . . . . . . . . . . . . . 1 . . . . . . . Unidentified Prototypes 10 | . . . . . . . 1 . . . . . . . . . 5 . . . 1 1 2 . . . Corrupted Parts 2 | . . . . . . . 1 . . . . . . . . . . . 1 . . . . . . . System Corruption 13 | . . . . . . . 3 . . . . . . . . . . . 10 . . . . . . . Parts Lost 90 | . . 3 2 3 5 8 . 16 . 2 . . . . . 3 1 . 14 . 11 . 2 . 4 16 Power 11 | . . . 1 . . 1 . 2 . . . . . . . . . . 2 . 1 . . . 1 3 Propulsion 38 | . . 1 . 2 3 6 . 7 . 2 . . . . . . . . 4 . 4 . 2 . . 7 Utility 18 | . . . . . 1 1 . 5 . . . . . . . 2 1 . 3 . 4 . . . . 1 Weapon 23 | . . 2 1 1 1 . . 2 . . . . . . . 1 . . 5 . 2 . . . 3 5 Highest Loss Streak 14 | . . 3 1 2 3 5 . 8 . 1 . . . . . 3 1 . 12 . 2 . 1 . 2 14 To Critical Strikes 1 | . . . . . . . . . . . . . . . . . . . . . 1 . . . . . Average Backups 16 | . 1 3 5 9 13 12 3 13 14 12 14 14 13 17 22 19 18 23 21 5 21 24 24 23 22 23 Power 1 | . 1 1 2 2 1 1 . 2 2 1 . 1 1 1 1 . . 1 . . 2 2 1 1 1 2 Propulsion 1 | . . . . . . . 1 2 . 1 . . 1 1 3 3 3 4 2 . 3 . . . . 1 Utility 9 | . . 1 2 6 9 8 1 6 7 8 13 10 8 9 11 8 7 9 9 1 9 16 17 17 17 14 Weapon 3 | . . . 1 1 1 1 . 2 2 . . 2 3 4 6 6 7 9 7 3 5 4 4 4 3 3 Tool/Special . | . . . . . . . . . . . . . . . . . . . . . . . . . . . Unused Backups 54 | . . . 1 . 6 9 . . . 7 . 2 . 1 1 . . . 9 1 3 . 2 . 2 10 Power 10 | . . . 1 . 2 . . . . 3 . . . 1 . . . . 1 . . . . . . 2 Propulsion 1 | . . . . . . . . . . . . . . . . . . . 1 . . . . . . . Utility 37 | . . . . . 3 8 . . . 3 . 2 . . . . . . 6 . 3 . 2 . 2 8 Weapon 4 | . . . . . 1 . . . . 1 . . . . 1 . . . 1 . . . . . . . Tool/Special 2 | . . . . . . 1 . . . . . . . . . . . . . 1 . . . . . . Average Slot Usage (%) 89 | . 78 93 56 95 89 90 67 87 88 92 94 99 93 93 83 84 88 89 87 72 94 94 94 89 93 89 Engine 1 | . 13 14 1 . 7 7 . 1 1 . 5 3 . . . . . . . . . . . . . . Core 1 | . . . 7 9 1 . 2 5 5 6 . . . . . . . . . . . . . . . . Reactor 4 | . . . . . . . . . . . . 2 5 5 9 10 10 10 9 3 8 8 8 8 7 7 Treads 5 | . . 8 9 10 . . . 21 26 17 . . . 4 10 10 10 10 9 2 . . . . . . Leg 17 | . 27 8 1 21 34 31 . 1 1 11 26 26 23 13 . . . . . 14 27 26 25 24 24 22 Device 5 | . 9 23 10 18 18 17 . 6 7 1 . . . . 4 6 5 10 3 4 7 7 2 4 4 3 Storage 5 | . . . . 7 9 8 . 7 7 7 6 6 5 5 5 5 5 5 5 . 4 4 4 4 4 3 Processor 1 | . . . . . . . 6 7 7 6 1 . . . . . . . . 2 4 4 2 . . . Hackware 26 | . . . . . . . . 10 7 21 39 44 41 45 36 33 34 31 38 22 23 34 42 40 41 41 Protection 3 | . . . . 8 8 7 21 4 7 3 . 1 4 5 4 3 5 5 4 1 2 . . . . . Energy Gun 1 | . . 9 3 . . . . . 2 . . . . . 3 7 3 . . 7 2 . . . 2 . Energy Cannon 1 | . . . 2 1 . . . . . 7 1 . . . 3 . . . . . 3 2 . 1 2 . Ballistic Gun 2 | . 27 17 9 16 1 . . 4 5 . . . . . . . 1 5 4 . . . . . . . Ballistic Cannon 2 | . . . . . . . . . . . 1 7 5 4 . . 8 5 4 . 2 4 3 4 2 7 Special Weapon 2 | . . . . . . . . 4 . 4 6 4 5 5 5 5 1 5 1 . 2 1 3 4 4 3 Slashing Weapon 1 | . . . . . 8 14 5 4 3 1 . . . . . . . . . . . . . . . . Peak Build Rating 170 | 5 6 12 16 22 38 38 41 41 47 52 68 78 78 112 133 134 143 143 142 147 155 143 145 152 161 170 Average Rating 86 | 3 5 9 13 20 35 30 31 33 44 45 61 73 77 91 123 126 137 143 132 100 139 139 139 146 147 148 On Entrance 75 | . 5 6 12 16 22 38 2 41 40 47 51 67 77 78 112 127 130 143 143 28 147 127 143 144 152 148 Naked Turns 32 | . . . . . . 16 . . . . . . . . . . . . . . . . . . . 16 Heaviest Build 177 | 8 9 14 14 39 39 39 42 42 56 64 49 60 56 123 151 151 162 156 156 132 176 164 164 153 163 177 Greatest Support 170 | 20 20 20 20 40 72 71 32 80 86 86 74 81 81 150 150 150 155 155 155 168 170 146 153 150 158 167 Greatest Overweight (x) 4 | . . 1 4 1 1 2 1 1 1 . . . . . 1 1 1 1 1 . 1 1 1 1 1 4 Average Overweight (x) . | . . . . . . . . . . . . . . . . . . 1 . . . . . . . . Largest Inventory Capacity 25 | 5 5 5 5 15 15 15 15 25 25 25 15 15 15 25 25 25 25 25 25 25 25 25 25 25 25 25 Average Capacity 18 | 5 5 5 5 13 15 14 6 15 15 15 15 15 15 19 25 25 25 25 24 8 25 25 25 25 25 24 Most Carried 25 | 1 2 5 5 12 15 15 13 15 15 15 15 15 14 25 25 23 25 25 25 16 25 25 25 24 25 25 Average Carried 16 | . 1 4 4 9 14 13 4 13 14 12 14 14 13 17 23 20 20 25 24 5 21 24 24 23 22 23 Final Capacity 25 | 5 5 5 5 15 15 5 15 15 15 15 15 15 15 25 25 25 25 25 5 25 25 25 25 25 25 5 Final Carried 25 | 1 2 5 5 12 14 4 13 14 14 15 15 14 13 25 23 17 25 25 5 16 25 25 24 23 23 4 Class Distribution -------------------- 26% | Botlord-Mutant 16% | Mutant 16% | Botlord-Gunner 12% | Botlord-Tank 11% | Bothacker-Mutant 6% | Commander-Mutant 5% | Scavenger-Mutant Dominant Class ---------------- Mutant | -10/Materials Mutant | -10/Subcaves Mutant | -8/Materials Scavenger-Mutant | -8/Garrison Mutant | -8/Materials Mutant | -8/Garrison Mutant | -7/Factory Bothacker-Mutant | -7/Garrison Bothacker-Mutant | -7/Factory Botlord-Mutant | -7/Garrison Botlord-Mutant | -6/Factory Botlord-Mutant | -6/Garrison Botlord-Mutant | -5/Factory Commander-Mutant | -5/Garrison Botlord-Mutant | -4/Factory Botlord-Tank | -4/Extension Botlord-Tank | -4/Cetus Botlord-Tank | -4/Archives Botlord-Mutant | -4/Hub_04(d) Bothacker-Mutant | -3/Research Botlord-Gunner | -3/Garrison Botlord-Gunner | -2/Research Botlord-Gunner | -2/Garrison Botlord-Gunner | -1/Access Botlord-Gunner | -1/Garrison Botlord-Tank | -1/Access Resources | -11 -10 -10 -8 -8 -8 -8 -7 -7 -7 -7 -6 -6 -5 -5 -4 -4 -4 -4 -4 -3 -3 -2 -2 -1 -1 -1 ----------- Run | Yrd Mat Sub Mat Gar Mat Gar Fac Gar Fac Gar Fac Gar Fac Gar Fac Ext Cet Arc Hub Res Gar Res Gar Acc Gar Acc Matter Collected 10809 | 210 29 76 291 154 464 145 175 533 15 645 233 564 . 800 292 499 265 37 231 326 1462 78 1273 103 623 1286 Remotely . | . . . . . . . . . . . . . . . . . . . . . . . . . . . Salvage Created 7084 | . 29 76 418 189 872 566 187 317 15 510 192 112 . 101 74 202 258 . 744 338 948 89 352 . 22 473 Parts 376 | . 4 5 24 18 58 42 7 15 4 21 19 4 . 5 3 6 7 . 29 14 45 2 18 . 4 22 Haulers Intercepted 2 | . . . . . 2 . . . . . . . . . . . . . . . . . . . . . Recyclers Shooed 4 | . . . . . . . . . . . 1 . . . . 1 . . . 2 . . . . . . Parts Field Recycled . | . . . . . . . . . . . . . . . . . . . . . . . . . . . Retrieved Matter . | . . . . . . . . . . . . . . . . . . . . . . . . . . . Parts Self-Destructed 11 | . . 11 . . . . . . . . . . . . . . . . . . . . . . . . Prevented . | . . . . . . . . . . . . . . . . . . . . . . . . . . . Kills | -11 -10 -10 -8 -8 -8 -8 -7 -7 -7 -7 -6 -6 -5 -5 -4 -4 -4 -4 -4 -3 -3 -2 -2 -1 -1 -1 ------- Run | Yrd Mat Sub Mat Gar Mat Gar Fac Gar Fac Gar Fac Gar Fac Gar Fac Ext Cet Arc Hub Res Gar Res Gar Acc Gar Acc Combat Hostiles Destroyed 135 | . 2 2 9 11 20 13 3 10 . 10 1 3 . 2 1 1 4 . 7 2 18 2 5 . . 9 Melee 39 | . . . . . 18 8 3 2 . 8 . . . . . . . . . . . . . . . . Guns 33 | . 2 2 7 4 2 . . 8 . . . . . . 1 1 1 . . 2 3 . . . . . Cannons 40 | . . . . 1 . . . . . 1 1 3 . 2 . . 3 . . . 13 2 5 . . 9 AOE 19 | . . . 2 6 . 5 . . . . . . . . . . . . 5 . 1 . . . . . Classes Destroyed 18 | . 1 1 3 . 2 1 1 1 1 . 2 1 . . . 2 . . . 1 . . . . . 1 Worker 10 | . . . . . 1 . . . . . . . . . . . . . 7 2 . . . . . . Builder 6 | . . . . . . . . . . . 4 . . . . . . . 1 1 . . . . . . Tunneler 1 | . . . . . . . . . 1 . . . . . . . . . . . . . . . . . Hauler 2 | . . . . . 2 . . . . . . . . . . . . . . . . . . . . . Recycler 3 | . . . . . . . . . . . . . . . . 1 . . 1 1 . . . . . . Mechanic 1 | . . . . . . . . . . . . . . . . . . . . 1 . . . . . . Operator 4 | . . . . . . . 1 . . . 2 . . . . . . . 1 . . . . . . . Watcher 2 | . . . . . . . . . . . 1 . . . . . . . 1 . . . . . . . Swarmer 46 | . 2 . . 7 8 4 . 7 . 4 . 1 . . . . . . 4 . 7 . . . 1 1 Grunt 28 | . . . 5 3 3 2 3 . . . . 1 . . 1 . 2 . 1 1 3 . . . . 3 Duelist 4 | . . . . . . 3 . . . . . . . . . . . . . 1 . . . . . . Sentry 26 | . . . 2 1 9 4 . 2 . 2 . . . 1 . . . . 2 . 3 . . . . . Specialist 4 | . . . 2 . . . . . . 2 . . . . . . . . . . . . . . . . Hunter 2 | . . . . . . . . . . . . . . . . 1 . . 1 . . . . . . . Programmer 23 | . . . . . . . . 1 . 3 1 . . 1 . . . . . . 5 2 5 . . 5 Cetus Guard 2 | . . . . . . . . . . . . . . . . . 2 . . . . . . . . . Enhanced Grunt 1 | . . . . . . . . . . . . . . . . . . . 1 . . . . . . . Investigator 1 | . . . . . . . . . . . . . . . . . . . . . . . . . . 1 Executioner 2 | . . . . . . . . . . . . 1 . . . . . . . . . . . . . 1 Subdweller 2 | . . 2 . . . . . . . . . . . . . . . . . . . . . . . . Best Kill Streak 13 | . 2 2 4 7 4 4 1 4 1 6 4 2 . 1 1 1 2 . 13 2 4 2 2 . . 5 Combat Bots Only 7 | . 2 2 4 7 4 4 1 4 . 6 1 2 . 1 1 1 2 . 4 1 4 2 2 . . 4 Max Kills in Single Turn 13 | . 1 1 1 2 1 2 1 1 1 1 3 1 . 1 1 1 1 . 13 1 1 1 1 . 1 2 Gunslinging . | . . . . . . . . . . . . . . . . . . . . . . . . . . . Exploded 3 | . . . 1 2 . 2 . . . . . . . . . . . . 3 . 1 . . . . . Melee 1 | . . . . . 1 1 1 1 . 1 . . . . . . . . . . . . . . . . Uniques/NPCs Destroyed . | . . . . . . . . . . . . . . . . . . . . . . . . . . . Combat | -11 -10 -10 -8 -8 -8 -8 -7 -7 -7 -7 -6 -6 -5 -5 -4 -4 -4 -4 -4 -3 -3 -2 -2 -1 -1 -1 -------- Run | Yrd Mat Sub Mat Gar Mat Gar Fac Gar Fac Gar Fac Gar Fac Gar Fac Ext Cet Arc Hub Res Gar Res Gar Acc Gar Acc Hostile Shots Fired 1839 | . 9 22 61 36 154 95 27 221 . 226 12 47 . 10 15 14 34 . 222 13 266 14 110 . 17 214 Missed 586 | . 5 5 26 14 44 40 7 69 . 80 7 14 . 3 4 4 16 . 55 4 73 9 40 . 5 62 Hits 1253 | . 4 17 35 22 110 55 20 152 . 146 5 33 . 7 11 10 18 . 167 9 193 5 70 . 12 152 Melee 35 | . . . . . . 4 . 3 . 1 . . . . . . . . 10 2 . . 2 . . 13 Projectile 1218 | . 4 17 35 22 110 51 20 149 . 145 5 33 . 7 11 10 18 . 157 7 193 5 68 . 12 139 AOE 17 | . . . . . . . . . . . . . . . . 10 . . . . 1 . . . . 6 Critical Strikes 61 | . . 1 2 1 4 5 . 3 . 4 . . . . 1 1 2 . 12 1 3 . 2 . . 19 Part Disruptions 2 | . . . . . . . . . . . . . . . . . . . 1 . . 1 . . . . Damage Taken 23681 | . 75 420 538 301 1424 856 360 1658 . 1490 81 536 . 300 171 937 403 . 4270 283 2790 115 1164 . 566 4943 Core 3835 | . . 175 87 53 242 144 13 136 . 114 33 103 . 25 8 135 59 . 521 41 212 . 124 . 50 1560 Absorbed by Shields 3162 | . . . . 20 . . . . . 309 . 61 . 54 53 96 118 . . . 1822 6 354 . 85 184 Ignored by Resistances 157 | . . . . . . . . . . . . . . . . . . . . . 157 . . . . . Core Remaining (%) 65 | 100 . 30 . . . 4 . . . 62 . 84 . 97 . . . . 37 . 80 . 91 . . . Volleys Fired 857 | . 3 13 32 49 11 14 . 24 . 47 28 49 3 99 24 47 11 1 15 26 118 15 89 1 48 90 Largest 3 | . 2 2 2 2 2 1 . 2 . 2 1 2 1 1 2 2 3 2 3 2 3 2 2 1 2 3 Hottest 282 | . 40 100 88 85 48 36 . 108 . 159 44 102 5 120 130 130 179 91 156 145 282 190 190 10 190 174 Shots Fired 1151 | . 6 20 58 65 21 14 . 37 1 56 28 55 3 99 25 51 29 2 25 34 202 19 104 1 50 146 Gun 265 | . 6 19 37 54 21 . . 27 1 . . . . . 2 10 8 1 8 33 35 . . . 3 . Cannon 434 | . . . 15 4 . . . . . 24 3 26 . 27 . . 21 1 9 . 125 19 58 . 7 95 Launcher 49 | . . . 6 7 . 14 . . . . 15 . . . . . . . 5 . . . . . 1 1 Special 403 | . . 1 . . . . . 10 . 32 10 29 3 72 23 41 . . 3 1 42 . 46 1 39 50 Kinetic 439 | . 6 13 32 54 21 . . 25 . . 3 26 . 26 . . 21 2 13 . 53 4 41 . 4 95 Thermal 178 | . . 7 5 4 . . . 2 . 12 . . . 1 2 10 8 . 4 33 52 15 17 . 6 . Explosive 15 | . . . 6 7 . . . . . . . . . . . . . . . . . . . . 1 1 Electromagnetic 117 | . . . 15 . . 14 . . 1 12 15 . . . . . . . 5 . 55 . . . . . Robot Hit Streak 23 | . 2 10 13 7 17 2 . 9 4 23 11 6 2 9 11 16 3 . 8 7 13 2 10 4 11 9 Robot Miss Streak 9 | . 1 1 2 3 1 2 . 9 . 6 2 4 1 2 3 4 2 3 5 2 4 2 4 . 3 5 Penetration Max 1 | . . . . . . . . . . . . . . . . . 1 . 1 . 1 . . . . . Secondary Targets 4 | . 1 . . . . . . 2 . . . . . . 1 . . . . . . . . . . . Max Gunslinging Chain 1 | . 1 . . . . . . 1 . . . . . . 1 . . . . . . . . . . . Shots Hit Robots 813 | . 4 13 36 18 65 28 11 48 1 60 14 30 2 63 20 38 16 . 24 25 134 4 47 1 31 80 Core Hits 287 | . 3 5 18 17 22 20 4 42 1 10 9 5 . 5 2 2 10 . 36 12 31 2 5 . 4 22 Critical Kills 7 | . . . 2 . . . . . . . . . . . . . 3 . 2 . . . . . . . Critical Parts Destroyed 6 | . . . . . . . . . . . . . . . . . 3 . 3 . . . . . . . Critical Strikes 55 | . . . 2 . 14 2 3 5 . 3 . 3 . . . . 9 . 5 . 5 . 1 . . 3 Destroy 15 | . . . 2 . . . . . . . . . . . . . 8 . 5 . . . . . . . Blast 12 | . . . . . . . . . . . . 3 . . . . 1 . . . 4 . 1 . . 3 Corrupt 1 | . . . . . . . . . . . . . . . . . . . . . 1 . . . . . Sever 27 | . . . . . 14 2 3 5 . 3 . . . . . . . . . . . . . . . . Melee Attacks 189 | . . . . . 65 30 16 41 . 28 . . . . . . . . 9 . . . . . . . Impact . | . . . . . . . . . . . . . . . . . . . . . . . . . . . Slashing 180 | . . . . . 65 30 16 41 . 28 . . . . . . . . . . . . . . . . Piercing . | . . . . . . . . . . . . . . . . . . . . . . . . . . . Sneak Attacks 7 | . . . . . 3 . . . . . . . . . . . . . 4 . . . . . . . Combat Hostiles . | . . . . . . . . . . . . . . . . . . . . . . . . . . . Follow-up Attacks 4 | . . . . . . 4 . . . . . . . . . . . . . . . . . . . . Damage Inflicted 21634 | . 43 106 970 734 2810 986 729 927 20 1150 670 473 . 302 59 166 562 . 2643 737 3430 380 1173 . 282 2282 Guns 3231 | . 43 96 404 187 276 . . 394 20 . . . . . 59 166 89 . 139 737 594 . . . 27 . Cannons 8566 | . . . 211 71 . . . . . 255 40 473 . 302 . . 473 . 117 . 2735 380 1173 . 111 2225 Explosions 4463 | . . . 355 476 . 329 . . . . 630 . . . . . . . 2371 . 101 . . . 144 57 Melee 5266 | . . . . . 2512 657 669 533 . 895 . . . . . . . . . . . . . . . . Ramming 98 | . . . . . 22 . 60 . . . . . . . . . . . 16 . . . . . . . Kinetic 7984 | . 43 76 302 187 276 . . 338 . . 40 473 . 302 . . 473 . 227 . 1681 324 906 . 111 2225 Thermal 3449 | . . 30 172 71 . . . 56 . 139 103 . . . 59 166 89 . 345 737 1132 56 267 . 27 . Explosive 962 | . . . 285 476 . . . . . . . . . . . . . . . . . . . . 144 57 Electromagnetic 3875 | . . . 211 . . 329 . . 20 116 527 . . . . . . . 2055 . 617 . . . . . Impact . | . . . . . . . . . . . . . . . . . . . . . . . . . . . Slashing 5266 | . . . . . 2512 657 669 533 . 895 . . . . . . . . . . . . . . . . Piercing . | . . . . . . . . . . . . . . . . . . . . . . . . . . . Highest Corruption 46 | . . . . . 1 1 3 5 5 6 . . . . . 10 10 10 46 . 10 1 8 . . 13 Average Corruption 5 | . . . . . 1 1 3 3 5 5 . . . . . 10 10 10 13 . 5 1 4 . . 1 Corruption Purged . | . . . . . . . . . . . . . . . . . . . . . . . . . . . Corruption Blocked . | . . . . . . . . . . . . . . . . . . . . . . . . . . . Effects 219 | . . . . . 11 6 5 18 11 39 . . . . . 14 20 4 27 . 23 1 34 . . 6 Message Errors 59 | . . . . . 2 . . 5 6 8 . . . . . 2 6 2 9 . 7 . 11 . . 1 Matter Fused 42 | . . . . . 4 2 2 3 . 11 . . . . . 1 3 . 1 . 8 . 6 . . 1 Heat Flow Errors 26 | . . . . . . 2 . 2 . 4 . . . . . 3 2 . 5 . 2 . 5 . . 1 Energy Discharges 33 | . . . . . 2 1 2 3 2 7 . . . . . 3 3 1 5 . . . 3 . . 1 Parts Rejected 3 | . . . . . 1 . . . . . . . . . . . . . . . . . 2 . . . Parts Fused 2 | . . . . . . . . 1 . 1 . . . . . . . . . . . . . . . . Data Loss (minor) 25 | . . . . . 2 . 1 3 2 3 . . . . . 3 2 1 . . 5 . 2 . . 1 Data Loss (major) 11 | . . . . . . 1 . . . 3 . . . . . . 1 . 1 . 1 1 2 . . 1 Misfires 9 | . . . . . . . . . 1 . . . . . . 2 1 . 3 . . . 2 . . . Alerts 1 | . . . . . . . . . . . . . . . . . . . 1 . . . . . . . Misdirections 3 | . . . . . . . . . . . . . . . . . 1 . 2 . . . . . . . Weapon Failures 5 | . . . . . . . . 1 . 2 . . . . . . 1 . . . . . 1 . . . Overload Shots . | . . . . . . . . . . . . . . . . . . . . . . . . . . . Overflow Damage 965 | . . . . 35 140 12 71 . . 77 88 16 . . . . . . 142 . 39 64 156 . 26 99 Projectiles 435 | . . . . . . . . . . 35 . 16 . . . . . . . . 39 64 156 . 26 99 Explosions 265 | . . . . 35 . . . . . . 88 . . . . . . . 142 . . . . . . . Melee 265 | . . . . . 140 12 71 . . 42 . . . . . . . . . . . . . . . . Knockbacks 41 | . . . . . . . 1 . . . . 5 . . . . 2 . . . 5 2 3 . 1 22 Impact 1 | . . . . . . . 1 . . . . . . . . . . . . . . . . . . . Kinetic 38 | . . . . . . . . . . . . 5 . . . . 2 . . . 5 2 2 . 1 21 Secondary 2 | . . . . . . . . . . . . . . . . . . . . . . . 1 . . 1 Self-Inflicted Damage 542 | . . . 37 . . 47 29 . . . . . . . . . . . 270 . 49 . . . 46 64 Shots 12 | . . . 1 . . 3 . . . . . . . . . . . . 5 . 1 . . . 1 1 Rammed 6 | . . . . . . . 2 . . . . . . . . . . . 4 . . . . . . . Targets Rammed 10 | . . . . . 4 . 2 . . . . . . . . . . . 4 . . . . . . . Kicked 4 | . . . . . 4 . . . . . . . . . . . . . . . . . . . . . Crushed . | . . . . . . . . . . . . . . . . . . . . . . . . . . . Highest Temperature 541 | . . 9 206 20 13 50 11 228 . 541 . 90 . 70 75 244 333 45 369 75 422 348 302 . 96 249 Average Temperature 100 | . . 6 66 9 13 26 4 80 . 144 . 30 . 40 37 75 118 27 138 22 122 156 90 . 36 73 Received Heat Transfer 2895 | . . 129 225 123 549 297 192 240 . 99 15 106 . 39 . 32 43 . 288 42 289 . 30 . 58 99 Effects 16 | . . . . . . . . . . 3 . . . . . . 3 . 4 . 4 . 2 . . . Shutdowns 3 | . . . . . . . . . . 1 . . . . . . . . . . 2 . . . . . Energy Bleed 2 | . . . . . . . . . . . . . . . . . . . 2 . . . . . . . Interference 6 | . . . . . . . . . . . . . . . . . 2 . 1 . 1 . 2 . . . Matter Decay 2 | . . . . . . . . . . . . . . . . . . . 1 . 1 . . . . . Short Circuit 1 | . . . . . . . . . . . . . . . . . 1 . . . . . . . . . Damage (minor) 1 | . . . . . . . . . . 1 . . . . . . . . . . . . . . . . Damage (major) 1 | . . . . . . . . . . 1 . . . . . . . . . . . . . . . . Siege Activations . | . . . . . . . . . . . . . . . . . . . . . . . . . . . Martial Activations . | . . . . . . . . . . . . . . . . . . . . . . . . . . . Shielding Activations . | . . . . . . . . . . . . . . . . . . . . . . . . . . . Robots Disrupted 3 | . . . . . . . . . . . . . . . . . . . 1 . 2 . . . . . Combat Hostiles 3 | . . . . . . . . . . . . . . . . . . . 1 . 2 . . . . . Robots Corrupted 6 | . . . . . . . . . . . 1 . . . . . . . 3 . 1 . . . . 1 Combat Hostiles 3 | . . . . . . . . . . . . . . . . . . . 2 . 1 . . . . . Parts Fried 17 | . . . 1 . . . . . . . 1 . . . . . . . 10 . 2 . . . . 3 Impact Corruptions 2 | . . . . . . . 1 . . . . . . . . . . . . . . . . . . 1 Robots Melted 1 | . . . . . . . . . . 1 . . . . . . . . . . . . . . . . Combat Hostiles 1 | . . . . . . . . . . 1 . . . . . . . . . . . . . . . . Parts Melted 3 | . . 1 . . . . . . . . . . . . . . . . . . 1 . 1 . . . Heat Transferred 3635 | . . 105 225 148 . . . 125 . 200 100 . . . 74 166 111 . 241 888 993 37 185 . 37 . Parts Sabotaged 3 | . . . . . . . . . . . . . . . . . . . 1 . . . 2 . . . Parts Stolen . | . . . . . . . . . . . . . . . . . . . . . . . . . . . Parts Stripped . | . . . . . . . . . . . . . . . . . . . . . . . . . . . Power Chain Reactions 6 | . . . 1 . . 2 . . . . 1 . . . . . . . 1 . 1 . . . . . Alert | -11 -10 -10 -8 -8 -8 -8 -7 -7 -7 -7 -6 -6 -5 -5 -4 -4 -4 -4 -4 -3 -3 -2 -2 -1 -1 -1 ------- Run | Yrd Mat Sub Mat Gar Mat Gar Fac Gar Fac Gar Fac Gar Fac Gar Fac Ext Cet Arc Hub Res Gar Res Gar Acc Gar Acc Maximum Alert Level 5 | . . . . 2 2 2 2 2 1 4 3 5 3 5 5 5 4 2 2 1 3 2 5 4 5 5 Low Security (%) 18 | 100 100 . 100 25 58 44 45 1 58 14 . . . . . . . . 20 63 25 . . . . . Level 1 14 | . . . . 3 40 48 40 47 41 16 . . . . . . . . 63 36 11 55 4 . . . Level 2 19 | . . . . 70 1 6 13 50 . 23 60 4 . . . . . 100 15 . 48 44 30 . . . Level 3 12 | . . . . . . . . . . 35 39 17 100 11 . 27 26 . . . 13 . 20 28 3 . Level 4 16 | . . . . . . . . . . 10 . 48 . 13 79 56 73 . . . . . 23 71 18 24 Level 5 14 | . . . . . . . . . . . . 29 . 75 . 10 . . . . . . 21 . 77 11 High Security 3 | . . . . . . . . . . . . . . . 20 5 . . . . . . . . . 64 Max Security . | . . . . . . . . . . . . . . . . . . . . . . . . . . . Peak Influence 3399 | . 65 . 194 557 408 436 424 581 304 1158 1032 1879 1057 2229 1761 1811 1250 602 695 255 805 430 1839 1212 2183 3399 Initial 1309 | . . . . 116 271 39 228 289 304 44 607 656 986 718 1169 1100 1100 468 202 255 65 418 280 1103 969 1309 Average 875 | . 16 . 106 408 164 213 235 406 181 624 687 1377 1011 1747 1429 1298 1147 569 279 163 416 398 1059 1125 1819 2360 Influence Increases 21667 | . 88 . 385 471 727 477 436 552 5 1234 897 1523 101 1631 1110 1925 520 221 1037 110 1110 86 1839 149 1594 3439 Destroy 0b10 Robot/C 8200 | . 40 . 180 220 400 260 140 340 . 540 240 580 40 500 380 640 220 80 220 40 440 40 660 60 600 1340 Destroy 0b10 Robot/NC 385 | . . . . . 15 . 15 . 5 . 40 . . 5 45 90 10 . 70 25 . . 10 . . 55 Destroy Leader 928 | . 10 . 40 20 134 10 32 30 . 40 74 20 10 30 72 86 10 . 46 10 30 10 30 10 40 134 Allied During Kill 6212 | . . . . . . . 29 17 . 214 290 420 35 529 497 813 240 80 256 . 51 6 604 70 640 1421 Successful Hack 324 | . 23 . 26 14 25 . 21 . . . 14 30 . 14 22 25 8 . 39 14 14 . 21 . 14 . Disable Machine 510 | . . . . 30 . . 15 . . . 180 15 . 15 . 15 . 45 105 15 15 . 30 . . 30 Anti-Garrison Action 2300 | . . . . 100 . 100 . 100 . 350 . 400 . 400 . . . . . . 350 . 300 . 200 . Destroy Structure 1878 | . . . 64 72 3 17 4 5 . . 29 43 16 138 94 256 32 16 256 6 90 30 169 9 100 429 Partial Spotted 60 | . . . . . 15 . 30 . . . . . . . . . . . . . . . 15 . . . Lose Combat Pursuer 870 | . 15 . 75 15 135 90 150 60 . 90 30 15 . . . . . . 45 . 120 . . . . 30 Influence Decreases 18772 | . 88 . 206 93 1223 102 458 385 523 139 1117 582 953 429 1574 2115 1246 814 1129 510 452 457 374 776 623 2404 Entered New Map 9403 | . . . . 63 286 22 208 125 277 19 551 282 893 309 1060 901 798 704 377 232 22 327 94 736 243 874 Time Decay 3483 | . 88 . 186 . 491 . 190 . 246 . 446 . 60 . 254 404 238 50 262 278 . 130 . 20 . 140 Lost Part 870 | . . . 20 30 50 80 . 160 . 20 . . . . . 30 10 . 140 . 110 . 20 . 40 160 Lost Ally 4170 | . . . . . . . 60 100 . 100 120 300 . 120 260 480 200 60 200 . 320 . 260 20 340 1230 Purge Threat 846 | . . . . . 396 . . . . . . . . . . 300 . . 150 . . . . . . . Squads Dispatched 72 | . . . 3 . 2 . 5 . . . 9 . . . 10 10 1 . 4 2 . . . . . 26 Investigation 8 | . . . . . 2 . 2 . . . 1 . . . . 2 1 . . . . . . . . . Extermination 4 | . . . . . . . . . . . 2 . . . 1 . . . 1 . . . . . . . Reinforcement 22 | . . . 2 . . . 2 . . . 5 . . . 3 4 . . 1 2 . . . . . 3 Assault 32 | . . . . . . . . . . . 1 . . . 6 4 . . 2 . . . . . . 19 Garrison 6 | . . . 1 . . . 1 . . . . . . . . . . . . . . . . . . 4 Intercept . | . . . . . . . . . . . . . . . . . . . . . . . . . . . Searches Triggered . | . . . . . . . . . . . . . . . . . . . . . . . . . . . Construction Impeded 7 | . . . . . . . . . . . 1 . . . 1 2 . . . 1 . . . . . 2 Haulers Reinforced 2 | . . . . . . . . . . . . . . . . . . . . 1 . . . . . 1 Active Scanning Responses . | . . . . . . . . . . . . . . . . . . . . . . . . . . . Cargo Convoy Interrupts . | . . . . . . . . . . . . . . . . . . . . . . . . . . . Stealth | -11 -10 -10 -8 -8 -8 -8 -7 -7 -7 -7 -6 -6 -5 -5 -4 -4 -4 -4 -4 -3 -3 -2 -2 -1 -1 -1 --------- Run | Yrd Mat Sub Mat Gar Mat Gar Fac Gar Fac Gar Fac Gar Fac Gar Fac Ext Cet Arc Hub Res Gar Res Gar Acc Gar Acc Distress Signals 32 | . 1 . 2 . 3 . 1 . . . 2 . . . 1 3 2 . 1 9 . 1 . . . 6 Communications Jammed . | . . . . . . . . . . . . . . . . . . . . . . . . . . . Distress Signals . | . . . . . . . . . . . . . . . . . . . . . . . . . . . Times Spotted 741 | . 5 2 18 11 42 20 17 26 1 50 28 36 2 41 22 54 13 4 40 20 50 2 53 1 48 135 Peak Tracking Total 23 | . 3 2 6 6 4 10 6 5 . 8 7 5 2 10 5 13 5 1 23 5 5 3 7 1 7 21 Tactical Retreats 29 | . 1 . 2 1 4 2 4 2 . 3 1 1 . . . . . . 1 . 5 . . . . 2 Traps | -11 -10 -10 -8 -8 -8 -8 -7 -7 -7 -7 -6 -6 -5 -5 -4 -4 -4 -4 -4 -3 -3 -2 -2 -1 -1 -1 ------- Run | Yrd Mat Sub Mat Gar Mat Gar Fac Gar Fac Gar Fac Gar Fac Gar Fac Ext Cet Arc Hub Res Gar Res Gar Acc Gar Acc Traps Triggered 42 | . 2 . . 2 1 . . 3 . 1 8 5 . 4 1 2 . . 2 1 . . 3 . 5 2 Indirectly 7 | . . . . . . . . . . . 7 . . . . . . . . . . . . . . . Trap Hack Attempts . | . . . . . . . . . . . . . . . . . . . . . . . . . . . Triggered . | . . . . . . . . . . . . . . . . . . . . . . . . . . . Disarmed . | . . . . . . . . . . . . . . . . . . . . . . . . . . . Reprogrammed 3 | . . . . . . . . . . . 3 . . . . . . . . . . . . . . . Reused . | . . . . . . . . . . . . . . . . . . . . . . . . . . . Traps Extracted . | . . . . . . . . . . . . . . . . . . . . . . . . . . . Installed . | . . . . . . . . . . . . . . . . . . . . . . . . . . . Triggered . | . . . . . . . . . . . . . . . . . . . . . . . . . . . Machines | -11 -10 -10 -8 -8 -8 -8 -7 -7 -7 -7 -6 -6 -5 -5 -4 -4 -4 -4 -4 -3 -3 -2 -2 -1 -1 -1 ---------- Run | Yrd Mat Sub Mat Gar Mat Gar Fac Gar Fac Gar Fac Gar Fac Gar Fac Ext Cet Arc Hub Res Gar Res Gar Acc Gar Acc Machines Disabled 78 | . . . . 4 . 2 1 2 . 5 12 7 . 8 . 3 1 3 7 1 6 . 10 . 4 2 Max in Single Turn 10 | . . . . 2 . 1 1 1 . 1 10 1 . 1 . . 1 1 4 1 1 . 1 . 1 1 Garrison Access 1 | . . . . . . . . . . . . . . . . . . . . . . . . . . 1 Garrison Relay 37 | . . . . 2 . 2 . 2 . 5 . 6 . 6 . . . . . . 5 . 5 . 4 . Network Hub 1 | . . . . . . . . . . . . . . . . . . . 1 . . . . . . . Machines Repaired . | . . . . . . . . . . . . . . . . . . . . . . . . . . . Machines Dismantled . | . . . . . . . . . . . . . . . . . . . . . . . . . . . Machines Sabotaged . | . . . . . . . . . . . . . . . . . . . . . . . . . . . Overloaded Fab Kills . | . . . . . . . . . . . . . . . . . . . . . . . . . . . Hacking | -11 -10 -10 -8 -8 -8 -8 -7 -7 -7 -7 -6 -6 -5 -5 -4 -4 -4 -4 -4 -3 -3 -2 -2 -1 -1 -1 --------- Run | Yrd Mat Sub Mat Gar Mat Gar Fac Gar Fac Gar Fac Gar Fac Gar Fac Ext Cet Arc Hub Res Gar Res Gar Acc Gar Acc Machines Accessed 67 | . 3 1 3 1 12 . 3 1 3 . 5 3 1 3 1 7 1 . 6 5 2 1 2 1 2 . Terminals 57 | . 3 . 2 1 11 . 2 1 2 . 4 3 . 3 1 7 1 . 6 4 2 . 2 . 2 . Fabricators . | . . . . . . . . . . . . . . . . . . . . . . . . . . . Repair Stations . | . . . . . . . . . . . . . . . . . . . . . . . . . . . Recycling Units . | . . . . . . . . . . . . . . . . . . . . . . . . . . . Scanalyzers . | . . . . . . . . . . . . . . . . . . . . . . . . . . . Garrison Access 9 | . . . 1 . 1 . 1 . 1 . 1 . 1 . . . . . . 1 . 1 . 1 . . Total Hacks 162 | . 5 5 9 3 31 . 6 1 4 . 14 6 1 9 3 20 4 . 17 7 4 2 5 2 4 . Successful 73 | . 3 5 5 1 16 . 3 . 1 . 5 2 1 1 2 9 1 . 8 3 2 1 2 1 1 . Failed 89 | . 2 . 4 2 15 . 3 1 3 . 9 4 . 8 1 11 3 . 9 4 2 1 3 1 3 . Catastrophic 15 | . . . . 1 . . 2 . 2 . 1 1 . 1 . . . . 3 2 1 . 1 . . . Database Lockouts . | . . . . . . . . . . . . . . . . . . . . . . . . . . . Manual 86 | . 6 . 6 . 24 . 6 . 3 . 10 . . . . 12 1 . 10 6 . 1 . 1 . . Terminals 138 | . 5 . 7 3 30 . 3 1 2 . 10 6 . 9 3 20 4 . 17 5 4 . 5 . 4 . Fabricators . | . . . . . . . . . . . . . . . . . . . . . . . . . . . Repair Stations . | . . . . . . . . . . . . . . . . . . . . . . . . . . . Recycling Units . | . . . . . . . . . . . . . . . . . . . . . . . . . . . Scanalyzers . | . . . . . . . . . . . . . . . . . . . . . . . . . . . Garrison Access 19 | . . . 2 . 1 . 3 . 2 . 4 . 1 . . . . . . 2 . 2 . 2 . . Terminal Hacks 44 | . 1 5 3 1 9 . . . . . 3 2 . 1 2 6 1 . 5 . 2 . 2 . 1 . Record 6 | . . 5 . . . . . . . . . . . . 1 . . . . . . . . . . . Robot Analysis 4 | . 1 . 2 . 1 . . . . . . . . . . . . . . . . . . . . . Prototype ID Bank 4 | . . . . . 1 . . . . . . . . . . . . . 3 . . . . . . . Open Door 6 | . . . . . . . . . . . . . . . . 4 1 . . . . . 1 . . . Branch Access Points 4 | . . . 1 . 1 . . . . . 1 . . . 1 . . . . . . . . . . . Emergency Access Points 5 | . . . . 1 . . . . . . . 1 . . . . . . . . 1 . 1 . 1 . Terminal Index 2 | . . . . . 1 . . . . . . . . . . . . . 1 . . . . . . . Unreport Threat 6 | . . . . . 3 . . . . . . . . . . 2 . . 1 . . . . . . . Locate Traps 1 | . . . . . . . . . . . 1 . . . . . . . . . . . . . . . Reprogram Traps 1 | . . . . . . . . . . . 1 . . . . . . . . . . . . . . . Maintenance Status 1 | . . . . . 1 . . . . . . . . . . . . . . . . . . . . . Coupling Status 1 | . . . . . 1 . . . . . . . . . . . . . . . . . . . . . Garrison Registry 1 | . . . . . . . . . . . . . . . . . . . . . 1 . . . . . Patrol Navigation 1 | . . . . . . . . . . . . . . 1 . . . . . . . . . . . . Security Stations 1 | . . . . . . . . . . . . 1 . . . . . . . . . . . . . . Fabricator Hacks . | . . . . . . . . . . . . . . . . . . . . . . . . . . . Repair Station Hacks . | . . . . . . . . . . . . . . . . . . . . . . . . . . . Recycling Unit Hacks . | . . . . . . . . . . . . . . . . . . . . . . . . . . . Scanalyzer . | . . . . . . . . . . . . . . . . . . . . . . . . . . . Garrison Access Hacks 9 | . . . 1 . 1 . 1 . 1 . 1 . 1 . . . . . . 1 . 1 . 1 . . Unlock Access 9 | . . . 1 . 1 . 1 . 1 . 1 . 1 . . . . . . 1 . 1 . 1 . . Unauthorized Hacks 20 | . 2 . 1 . 6 . 2 . . . 1 . . . . 3 . . 3 2 . . . . . . Terminals 19 | . 2 . 1 . 6 . 1 . . . 1 . . . . 3 . . 3 2 . . . . . . Botnet 15 | . 2 . 1 . 2 . 1 . . . 1 . . . . 3 . . 3 2 . . . . . . Operators 1 | . . . . . 1 . . . . . . . . . . . . . . . . . . . . . Skim 3 | . . . . . 3 . . . . . . . . . . . . . . . . . . . . . Fabricators . | . . . . . . . . . . . . . . . . . . . . . . . . . . . Repair Stations . | . . . . . . . . . . . . . . . . . . . . . . . . . . . Recycling Units . | . . . . . . . . . . . . . . . . . . . . . . . . . . . Scanalyzers . | . . . . . . . . . . . . . . . . . . . . . . . . . . . Garrison Access 1 | . . . . . . . 1 . . . . . . . . . . . . . . . . . . . Reprogram 1 | . . . . . . . 1 . . . . . . . . . . . . . . . . . . . Data Cores Recovered 2 | . . . . . . . . . . . 1 . . . . . . . 1 . . . . . . . Used 1 | . . . . . . . . . . . 1 . . . . . . . . . . . . . . . Hacking Detections 53 | . 2 . 3 1 8 . 3 1 3 . 5 2 1 3 1 5 2 . 5 4 . 1 1 1 1 . Full Trace Events 5 | . 1 . . . 1 . . . . . 1 . . . . 1 1 . . . . . . . . . Feedback Events 1 | . . . . . 1 . . . . . . . . . . . . . . . . . . . . . Corruption 1 | . . . . . 1 . . . . . . . . . . . . . . . . . . . . . Feedback Blocked . | . . . . . . . . . . . . . . . . . . . . . . . . . . . Robot Schematics Acquired . | . . . . . . . . . . . . . . . . . . . . . . . . . . . Robots Built . | . . . . . . . . . . . . . . . . . . . . . . . . . . . Authchips . | . . . . . . . . . . . . . . . . . . . . . . . . . . . Time . | . . . . . . . . . . . . . . . . . . . . . . . . . . . Total Robot Build Rating . | . . . . . . . . . . . . . . . . . . . . . . . . . . . Part Schematics Acquired . | . . . . . . . . . . . . . . . . . . . . . . . . . . . Parts Built . | . . . . . . . . . . . . . . . . . . . . . . . . . . . Authchips . | . . . . . . . . . . . . . . . . . . . . . . . . . . . Time . | . . . . . . . . . . . . . . . . . . . . . . . . . . . Total Part Build Rating . | . . . . . . . . . . . . . . . . . . . . . . . . . . . Parts Repaired . | . . . . . . . . . . . . . . . . . . . . . . . . . . . Time . | . . . . . . . . . . . . . . . . . . . . . . . . . . . Parts Recycled . | . . . . . . . . . . . . . . . . . . . . . . . . . . . Recycled Matter . | . . . . . . . . . . . . . . . . . . . . . . . . . . . Retrieved Matter . | . . . . . . . . . . . . . . . . . . . . . . . . . . . Retrieved Components . | . . . . . . . . . . . . . . . . . . . . . . . . . . . Parts Scanalyzed . | . . . . . . . . . . . . . . . . . . . . . . . . . . . Part Schematics Acquired . | . . . . . . . . . . . . . . . . . . . . . . . . . . . Parts Damaged . | . . . . . . . . . . . . . . . . . . . . . . . . . . . Bothacking | -11 -10 -10 -8 -8 -8 -8 -7 -7 -7 -7 -6 -6 -5 -5 -4 -4 -4 -4 -4 -3 -3 -2 -2 -1 -1 -1 ------------ Run | Yrd Mat Sub Mat Gar Mat Gar Fac Gar Fac Gar Fac Gar Fac Gar Fac Ext Cet Arc Hub Res Gar Res Gar Acc Gar Acc Used RIF Installer 10 | . . . . 1 . 1 . 1 . 1 . 1 . 1 . . . . . . 2 . 1 . 1 . Coupler Efficiency 2 | . . . . . . . . . . . . . . . . . . . . . 2 . . . . . Code Merge 1 | . . . . . . . . . . 1 . . . . . . . . . . . . . . . . Command Fork 2 | . . . . . . . . . . . . 1 . . . . . . . . . . . . 1 . Robot Detection 1 | . . . . . . 1 . . . . . . . . . . . . . . . . . . . . Structural Interface 1 | . . . . . . . . 1 . . . . . . . . . . . . . . . . . . Autooverride 1 | . . . . . . . . . . . . . . 1 . . . . . . . . . . . . Autoassimilate 1 | . . . . . . . . . . . . . . . . . . . . . . . 1 . . . Robots Hacked 230 | . . . . . . . . 5 . 22 7 14 1 21 11 28 . . 5 1 14 . 24 . 32 45 Non-combat 1 | . . . . . . . . . . . . . . . . . . . 1 . . . . . . . Combat 229 | . . . . . . . . 5 . 22 7 14 1 21 11 28 . . 4 1 14 . 24 . 32 45 Autooverrided 27 | . . . . . . . . . . . . . . . 2 5 . . 2 . 2 . 3 . 5 8 Autoassimilated 14 | . . . . . . . . . . . . . . . . . . . . . . . . . 2 12 Robot Hacks Applied 197 | . . . . . . . . 6 . 22 7 14 1 21 9 23 . . 3 1 15 . 22 . 25 28 parse_system 2 | . . . . . . . . . . . . . . . . 1 . . . . . . . . . 1 no_distress 1 | . . . . . . . . . . . . . . . . . . . 1 . . . . . . . focus_fire 1 | . . . . . . . . . . . . . . . . 1 . . . . . . . . . . reboot_propulsion 1 | . . . . . . . . . . . . . . . 1 . . . . . . . . . . . scatter_targeting 1 | . . . . . . . . . . . . . . . . 1 . . . . . . . . . . spike_heat 1 | . . . . . . . . . . . . . . 1 . . . . . . . . . . . . amplify_resonance 2 | . . . . . . . . . . 1 . . . . . . . . . . . . . . . 1 reboot_system 16 | . . . . . . . . . . 2 . 3 . 3 . 2 . . . 1 1 . 3 . . 1 go_dormant 1 | . . . . . . . . . . 1 . . . . . . . . . . . . . . . . overwrite_iff 26 | . . . . . . . . 1 . 2 2 2 . 2 . 6 . . 1 . 4 . 1 . 2 3 formatsys_high 145 | . . . . . . . . 5 . 16 5 9 1 15 8 12 . . 1 . 10 . 18 . 23 22 Relay Couplers Released 160 | . . . . 9 . 7 . 9 . 16 . 26 . 29 . . . . . . 23 . 21 . 18 2 Machine Destruction 150 | . . . . 9 . 7 . 9 . 16 . 23 . 26 . . . . . . 19 . 21 . 18 2 Programmers 10 | . . . . . . . . . . . . 3 . 3 . . . . . . 4 . . . . . Attached 67 | . . . . . . . . 4 . 13 2 8 . 7 . 7 . . 1 . 10 . 5 . 5 5 Merged Code Value 752 | . . . . . . . . . . 50 . 88 . 102 . . . . . . 145 . 248 . 119 . Fabnet Peak Effective % . | . . . . . . . . . . . . . . . . . . . . . . . . . . . Robots Rewired 45 | . . . . . . . . 3 . 2 . 1 . 15 . 4 . . . . 2 . 18 . . . Allies Hacked 9 | . . . . . . . . . . . 2 . . . 1 1 . . . . 2 . . 1 . 2 Hacks Repelled . | . . . . . . . . . . . . . . . . . . . . . . . . . . . Allies | -11 -10 -10 -8 -8 -8 -8 -7 -7 -7 -7 -6 -6 -5 -5 -4 -4 -4 -4 -4 -3 -3 -2 -2 -1 -1 -1 -------- Run | Yrd Mat Sub Mat Gar Mat Gar Fac Gar Fac Gar Fac Gar Fac Gar Fac Ext Cet Arc Hub Res Gar Res Gar Acc Gar Acc Total Allies 305 | . . . . . . . 4 8 . 20 7 14 1 35 10 34 5 . 4 . 19 . 47 . 45 52 Largest Group 44 | . . . . . . . 4 3 . 13 13 12 7 32 28 29 21 15 14 . 5 1 30 24 44 33 Highest-Rated Group 2547 | . . . . . . . 88 64 . 390 390 419 418 1250 1082 1510 1412 1100 1129 . 252 64 1739 1410 2547 1980 Highest-Rated Ally 219 | . . . . . . . 22 32 . 43 43 119 119 119 142 159 142 142 142 . 99 64 148 148 219 148 Total Orders 28 | . . . . . . . . . . 6 4 . 2 2 2 . . . 1 . 1 . 8 . 2 . STAY 15 | . . . . . . . . . . 3 2 . 1 1 1 . . . 1 . 1 . 4 . 1 . FOLLOW 13 | . . . . . . . . . . 3 2 . 1 1 1 . . . . . . . 4 . 1 . Ally Attacks 1800 | . . . . . . . 33 41 . 87 78 141 7 118 138 225 74 21 46 . 56 6 122 9 176 422 Total Damage 58078 | . . . . . . . 517 673 . 1571 1598 3681 241 3358 3677 8232 2914 1033 1752 . 1290 165 3549 507 5505 17815 Kills 344 | . . . . . . . 6 7 . 18 15 27 2 26 31 49 9 4 8 . 4 . 30 3 32 73 Allies Corrupted 29 | . . . . . . . . . . 1 . . . . 2 . . . 6 . 2 . . . 1 17 Allies Melted 1 | . . . . . . . . . . . . . . . 1 . . . . . . . . . . . Intel | -11 -10 -10 -8 -8 -8 -8 -7 -7 -7 -7 -6 -6 -5 -5 -4 -4 -4 -4 -4 -3 -3 -2 -2 -1 -1 -1 ------- Run | Yrd Mat Sub Mat Gar Mat Gar Fac Gar Fac Gar Fac Gar Fac Gar Fac Ext Cet Arc Hub Res Gar Res Gar Acc Gar Acc Active Infowar (turns) 5602 | . 169 367 429 901 1400 411 . . . . 238 14 . . . . . . . . . 236 866 52 519 . Optics 468 | . . 216 . . . . . . . . 238 14 . . . . . . . . . . . . . . Terrain 514 | . . . . . . . . . . . . . . . . . . . . . . 236 278 . . . Seismic 3677 | . 169 367 429 901 1400 411 . . . . . . . . . . . . . . . . . . . . Jamming 1159 | . . . . . . . . . . . . . . . . . . . . . . . 588 52 519 . Robot Analysis Total 4 | . 1 . 2 . 1 . . . . . . . . . . . . . . . . . . . . . Derelict Logs Recovered . | . . . . . . . . . . . . . . . . . . . . . . . . . . . Drone Launches . | . . . . . . . . . . . . . . . . . . . . . . . . . . . Drone Recoveries . | . . . . . . . . . . . . . . . . . . . . . . . . . . . Exploration | -11 -10 -10 -8 -8 -8 -8 -7 -7 -7 -7 -6 -6 -5 -5 -4 -4 -4 -4 -4 -3 -3 -2 -2 -1 -1 -1 ------------- Run | Yrd Mat Sub Mat Gar Mat Gar Fac Gar Fac Gar Fac Gar Fac Gar Fac Ext Cet Arc Hub Res Gar Res Gar Acc Gar Acc Turns Passed 19860 | 58 255 367 429 901 1400 434 384 838 529 1444 1111 1223 122 1541 698 1018 501 113 571 606 1417 270 1710 52 1046 822 Spaces Moved 11614 | 43 159 250 168 584 841 287 415 360 248 810 667 847 82 932 343 555 178 43 301 371 746 145 1058 38 642 501 Core 143 | 1 . . 38 . . 45 10 . . . . . . . . . . . 5 12 . . . . . 32 Treads 3081 | . . . 88 132 . . . 271 237 467 . . . 393 343 555 178 43 296 78 . . . . . . Legs 7594 | 36 159 50 . 452 841 242 . 36 11 343 667 847 82 539 . . . . . 191 746 145 1058 38 642 469 Wheels 248 | 6 . 200 42 . . . . . . . . . . . . . . . . . . . . . . . Hover 548 | . . . . . . . 405 53 . . . . . . . . . . . 90 . . . . . . Flight . | . . . . . . . . . . . . . . . . . . . . . . . . . . . Fastest Speed 38 | 50 120 110 110 120 120 50 38 38 151 120 120 120 120 120 145 145 145 232 50 40 118 120 120 120 118 50 Average Speed 129 | 112 120 112 163 130 121 111 44 157 155 138 120 120 120 130 173 157 224 232 164 114 126 151 121 134 130 116 Slowest Speed 260 | 120 120 190 250 240 190 260 98 240 200 157 120 120 120 145 225 225 232 232 232 180 185 183 186 190 190 260 Overloaded Moves . | . . . . . . . . . . . . . . . . . . . . . . . . . . . Propulsion Burnouts . | . . . . . . . . . . . . . . . . . . . . . . . . . . . Robots Hopped . | . . . . . . . . . . . . . . . . . . . . . . . . . . . Potential Cave-ins . | . . . . . . . . . . . . . . . . . . . . . . . . . . . Cave-ins Triggered 1 | . . . . . . . . . . . . . . . . 1 . . . . . . . . . . Exploration Rate (%) 43 | 4 28 18 19 52 88 41 11 44 6 92 24 96 3 90 14 71 69 71 39 13 73 6 97 1 77 19 Regions Visited 26 Branch Regions 5 Pre-discovered Areas 2 | . . 2 . . . . . . . . . . . . . . . . . . . . . . . . Known Exits Taken 10 | . . . 1 . 1 . 1 . 1 . 1 . 1 . 1 . . . . 1 . 1 . 1 . . Unknown Exits Taken 7 | 1 1 1 . . . . . . . . . . . . . 1 1 1 1 . . . . . . . Scrap Searched . | . . . . . . . . . . . . . . . . . . . . . . . . . . . Spaces Dug 94 | . . . . . 3 . . . . . . . . 1 . . . . . . . 11 15 . 36 28 Terrain Destroyed 545 | . . . 67 52 3 2 . . . . 29 4 . 2 . 5 6 1 169 4 48 13 26 . 37 77 Melee 3 | . . . . . 3 . . . . . . . . . . . . . . . . . . . . . Projectile 127 | . . . . . . . . . . . . 4 . 2 . 5 6 1 5 4 26 13 26 . 3 32 AOE 415 | . . . 67 52 . 2 . . . . 29 . . . . . . . 164 . 22 . . . 34 45 Terrain Rammed . | . . . . . . . . . . . . . . . . . . . . . . . . . . . Walls Destroyed . | . . . . . . . . . . . . . . . . . . . . . . . . . . . Machines Disabled . | . . . . . . . . . . . . . . . . . . . . . . . . . . . Actions | -11 -10 -10 -8 -8 -8 -8 -7 -7 -7 -7 -6 -6 -5 -5 -4 -4 -4 -4 -4 -3 -3 -2 -2 -1 -1 -1 --------- Run | Yrd Mat Sub Mat Gar Mat Gar Fac Gar Fac Gar Fac Gar Fac Gar Fac Ext Cet Arc Hub Res Gar Res Gar Acc Gar Acc Total 15191 | 50 216 314 266 658 1072 348 579 508 391 1037 948 1013 104 1202 445 687 256 55 354 510 1062 173 1401 39 845 658 Wait 1497 | . 50 39 50 2 103 7 116 17 119 53 235 75 19 75 66 49 42 12 3 67 84 . 81 . 106 27 Move 11579 | 42 158 249 167 582 840 285 414 358 247 808 666 845 81 930 342 554 177 42 300 370 744 144 1056 37 640 501 Hop . | . . . . . . . . . . . . . . . . . . . . . . . . . . . Pick Up 178 | 1 1 4 1 9 10 6 11 13 3 26 2 3 . 14 3 1 7 . 4 12 25 1 6 . 11 4 Fast Attach 161 | 6 4 4 6 5 10 1 12 12 7 11 4 7 . 10 2 4 4 . 2 17 9 4 12 . 5 3 Attach 104 | . . 1 . 2 2 6 1 10 . 9 1 2 1 . 2 8 3 . 5 5 19 2 3 1 8 13 Detach 30 | . . 1 1 . . . 1 . . 2 . 1 . . 1 1 4 . . 1 8 1 2 . 1 5 Swap 156 | . . 2 3 4 7 1 2 16 4 14 6 8 . 5 2 3 5 . 6 6 35 3 10 . 5 9 Drop 181 | 1 . 1 6 2 20 4 4 9 11 23 4 12 . 15 3 2 3 . 5 6 19 3 12 . 11 5 Fire 857 | . 3 13 32 49 11 14 . 24 . 47 28 49 3 99 24 47 11 1 15 26 118 15 89 1 48 90 Melee 183 | . . . . . 65 24 16 41 . 28 . . . . . . . . 9 . . . . . . . Ram 5 | . . . . . . . 2 . . . . . . . . . . . 3 . . . . . . . Kick 4 | . . . . . 4 . . . . . . . . . . . . . . . . . . . . . Crush 2 | . . . . . . . . . . . . . . . . . . . 2 . . . . . . . Escape Stasis 26 | . . . . 3 . . . . . . 2 2 . . . 4 . . . . . . 5 . 10 . Rewire 228 | . . . . . . . . 8 . 16 . 9 . 54 . 14 . . . . 1 . 125 . . 1 Trap . | . . . . . . . . . . . . . . . . . . . . . . . . . . . Miscellaneous . | . . . . . . . . . . . . . . . . . . . . . . . . . . . Route ------- -11/Scrapyard -10/Materials -10/Subcaves (discovered 3 exits: *Mat x2 / [*Scr]) -8/Materials -8/Garrison (discovered 2 exits: *Mat x2) -8/Materials (discovered 3 exits: *Fac x2 / Gar) -8/Garrison -7/Factory (discovered 2 exits: *Fac / Gar) -7/Garrison (discovered 2 exits: *Fac x2) -7/Factory -7/Garrison (discovered 4 exits: *Fac x3 / [*Fac]) -6/Factory (discovered 5 exits: *Fac x2 / Low x2 / Gar) -6/Garrison (discovered 3 exits: *Fac x3) -5/Factory -5/Garrison (discovered 3 exits: *Fac x3) -4/Factory (discovered 5 exits: Upp x2 / *Ext x2 / Arm) -4/Extension (discovered 3 exits: *Res x2 / *Cet) -4/Cetus (discovered 2 exits: *Res / [*Arc]) -4/Archives -4/Hub_04(d) (discovered 2 exits: *Res x2) -3/Research -3/Garrison (discovered 3 exits: *Res x3) -2/Research -2/Garrison (discovered 3 exits: *Acc x3) -1/Access -1/Garrison (discovered 3 exits: [*Acc x3]) -1/Access History --------- Turn | Location | Event 10 | -11/Scrapyard | Discovered new exit (range 15) 59 | -11/Scrapyard | Entered Materials 221 | -10/Materials | Discovered new exit (range 4) 314 | -10/Materials | Entered Subcaves 314 | -10/Subcaves | Discovered new exit (range 6) 315 | -10/Subcaves | Approached by a straggling Scientist 318 | -10/Subcaves | Build established: Mutant 331 | -10/Subcaves | Visited Clippyterm 335 | -10/Subcaves | Learned location of Extension (-4) 335 | -10/Subcaves | Learned Factory trap positions 386 | -10/Subcaves | Shifting Twisted Machinery released Enh. Flamer 390 | -10/Subcaves | Ambushed by Subdwellers from Twisted Machinery 416 | -10/Subcaves | Core integrity fell below 50% 440 | -10/Subcaves | Lost 3 parts (1n2w) 463 | -10/Subcaves | Discovered new exit (range 7) 507 | -10/Subcaves | Learned location of Zion (-7) 507 | -10/Subcaves | Met a Zionite searching for "candidates" 548 | -10/Subcaves | Scientist uncovered a shortcut to Scraptown 681 | -10/Subcaves | Entered Materials 681 | -8/Materials | Evolved 4 slots: Propulsion x2, Utility x2 989 | -8/Materials | Garrison activated, responded to threat 1108 | -8/Materials | Identified exit to Garrison 1110 | -8/Materials | Entered Garrison 1186 | -8/Garrison | Triggered checkpoint 1230 | -8/Garrison | Garrison Relay disabled 1326 | -8/Garrison | Build established: Scavenger-Mutant 1354 | -8/Garrison | Triggered checkpoint 1394 | -8/Garrison | Destroyed 7 combat bots 1482 | -8/Garrison | Discovered new exit (range 10) 1550 | -8/Garrison | Triggered checkpoint 1628 | -8/Garrison | Triggered checkpoint 1645 | -8/Garrison | Garrison Relay disabled 1685 | -8/Garrison | Installed Relay Interface Framework 1709 | -8/Garrison | Discovered new exit (range 11) 2011 | -8/Garrison | Entered Materials 2124 | -8/Materials | Lost 3 parts (2n1u) 2428 | -8/Materials | Build established: Mutant 2630 | -8/Materials | Discovered new exit (range 16) 2902 | -8/Materials | Core integrity fell below 50% 3320 | -8/Materials | Discovered new exit (range 14) 3361 | -8/Materials | Identified exit to Garrison 3411 | -8/Materials | Entered Garrison 3515 | -8/Garrison | Triggered checkpoint 3577 | -8/Garrison | Garrison Relay disabled 3645 | -8/Garrison | Triggered checkpoint 3665 | -8/Garrison | Garrison Relay disabled 3763 | -8/Garrison | Triggered checkpoint 3781 | -8/Garrison | Core integrity fell below 20% 3822 | -8/Garrison | Released all parts (6) 3823 | -8/Garrison | Discovered new exit (range 10) 3836 | -8/Garrison | Expanded RIF knowledge: Robot Detection 3845 | -8/Garrison | Entered Factory 3845 | -7/Factory | Evolved 2 slots: Utility x2 3846 | -7/Factory | Loaded intel: 119 trap records 3852 | -7/Factory | Lost 5 parts (4n1u) 4095 | -7/Factory | Discovered new exit (range 15) 4111 | -7/Factory | Identified exit to Factory 4127 | -7/Factory | Identified exit to Garrison 4158 | -7/Factory | Garrison activated, responded to threat 4229 | -7/Factory | Lost 3 allies 4229 | -7/Factory | Entered Garrison 4229 | -7/Garrison | Accompanied by 1 ally 4259 | -7/Garrison | Triggered checkpoint 4344 | -7/Garrison | Lost 8 parts (2n4u2w) 4387 | -7/Garrison | Garrison Relay disabled 4422 | -7/Garrison | Discovered new exit (range 5) 4429 | -7/Garrison | Identified exit to Factory 4489 | -7/Garrison | Triggered checkpoint 4523 | -7/Garrison | Lost 3 allies 4572 | -7/Garrison | Garrison Relay disabled 4713 | -7/Garrison | Build established: Bothacker-Mutant 4722 | -7/Garrison | Triggered checkpoint 4815 | -7/Garrison | Discovered exit to Factory (range 10) 4931 | -7/Garrison | Lost 3 parts (3n) 5017 | -7/Garrison | Expanded RIF knowledge: Structural Interface 5067 | -7/Garrison | Entered Factory 5423 | -7/Factory | Identified exit to Garrison 5596 | -7/Factory | Entered Garrison 5622 | -7/Garrison | Triggered checkpoint 5722 | -7/Garrison | Garrison Relay disabled 5870 | -7/Garrison | Triggered checkpoint 5876 | -7/Garrison | Triggered checkpoint 5992 | -7/Garrison | Discovered exit to Factory (range 10) 6039 | -7/Garrison | Garrison Relay disabled 6104 | -7/Garrison | Triggered checkpoint 6129 | -7/Garrison | Expanded RIF knowledge: Code Merge 6151 | -7/Garrison | Garrison Relay disabled 6310 | -7/Garrison | Triggered checkpoint 6317 | -7/Garrison | Lost 3 allies 6376 | -7/Garrison | Triggered checkpoint 6407 | -7/Garrison | Build established: Botlord-Mutant 6436 | -7/Garrison | Triggered checkpoint 6463 | -7/Garrison | Discovered new exit (range 3) 6568 | -7/Garrison | Triggered checkpoint 6610 | -7/Garrison | Garrison Relay disabled 6777 | -7/Garrison | Discovered exit to Factory (range 5) 6884 | -7/Garrison | Triggered checkpoint 6942 | -7/Garrison | Triggered checkpoint 6951 | -7/Garrison | Garrison Relay disabled 6996 | -7/Garrison | Discovered exit to Factory (range 10) 7040 | -7/Garrison | Entered Factory 7040 | -6/Factory | Accompanied by 13 allies 7040 | -6/Factory | Evolved 2 slots: Utility x2 7712 | -6/Factory | Lost 4 allies 7740 | -6/Factory | Identified exit to Lower Caves 7905 | -6/Factory | Discovered new exit (range 16) 7982 | -6/Factory | Discovered new exit (range 21) 8090 | -6/Factory | First assault squad dispatched 8109 | -6/Factory | Identified exit to Garrison 8151 | -6/Factory | Entered Garrison 8151 | -6/Garrison | Accompanied by 10 allies 8163 | -6/Garrison | Spotted B-75 Beast 8163 | -6/Garrison | Spotted B-75 Beast 8169 | -6/Garrison | Assimilated Beast 5a with formatsys_high 8202 | -6/Garrison | Allies destroyed B-75 Beast 8298 | -6/Garrison | Triggered checkpoint 8313 | -6/Garrison | Triggered checkpoint 8317 | -6/Garrison | Triggered checkpoint 8374 | -6/Garrison | Triggered checkpoint 8409 | -6/Garrison | Lost 4 allies 8457 | -6/Garrison | Triggered checkpoint 8471 | -6/Garrison | Garrison Relay disabled 8557 | -6/Garrison | Garrison Relay disabled 8674 | -6/Garrison | Garrison Relay disabled 8685 | -6/Garrison | Triggered checkpoint 8693 | -6/Garrison | Spotted Executioner 8710 | -6/Garrison | Destroyed Executioner 8735 | -6/Garrison | Lost 6 allies 8737 | -6/Garrison | Rewired Executioner 8767 | -6/Garrison | Discovered new exit (range 15) 8976 | -6/Garrison | Garrison Relay disabled 8995 | -6/Garrison | Triggered checkpoint 9010 | -6/Garrison | Garrison Relay disabled 9018 | -6/Garrison | Found embedded Infiltrators 9043 | -6/Garrison | Discovered new exit (range 13) 9073 | -6/Garrison | Expanded RIF knowledge: Command Fork 9241 | -6/Garrison | Triggered checkpoint 9271 | -6/Garrison | Garrison Relay disabled 9318 | -6/Garrison | Learned Factory security intel 9324 | -6/Garrison | Discovered new exit (range 13) 9374 | -6/Garrison | Entered Factory 9374 | -5/Factory | Accompanied by 6 allies 9374 | -5/Factory | Evolved 2 slots: Utility x2 9479 | -5/Factory | Identified exit to Garrison 9496 | -5/Factory | Entered Garrison 9496 | -5/Garrison | Accompanied by 7 allies 9538 | -5/Garrison | Triggered checkpoint 9562 | -5/Garrison | Triggered checkpoint 9603 | -5/Garrison | Garrison Relay disabled 9646 | -5/Garrison | Spotted B-75 Beast 9648 | -5/Garrison | Triggered checkpoint 9649 | -5/Garrison | Assimilated Beast 6a with formatsys_high 9674 | -5/Garrison | Triggered checkpoint 9704 | -5/Garrison | Triggered checkpoint 9704 | -5/Garrison | Discovered new exit (range 10) 9751 | -5/Garrison | Lost 4 allies 9784 | -5/Garrison | Garrison Relay disabled 9800 | -5/Garrison | Triggered checkpoint 10001 | -5/Garrison | Triggered checkpoint 10009 | -5/Garrison | Garrison Relay disabled 10269 | -5/Garrison | Discovered new exit (range 12) 10281 | -5/Garrison | Garrison Relay disabled 10292 | -5/Garrison | Triggered checkpoint 10521 | -5/Garrison | Build established: Commander-Mutant 10582 | -5/Garrison | Garrison Relay disabled 10622 | -5/Garrison | Discovered new exit (range 12) 10634 | -5/Garrison | Triggered checkpoint 10664 | -5/Garrison | Expanded RIF knowledge: Autooverride 10674 | -5/Garrison | Garrison Relay disabled 11037 | -5/Garrison | Entered Factory 11037 | -4/Factory | Accompanied by 28 allies 11037 | -4/Factory | Evolved 2 slots: Power x1, Weapon x1 11174 | -4/Factory | Identified exit to Upper Caves 11174 | -4/Factory | Identified exit to Extension 11174 | -4/Factory | Identified exit to Armory 11251 | -4/Factory | Lost 4 allies 11331 | -4/Factory | Build established: Botlord-Mutant 11365 | -4/Factory | Spotted B-86 Titan 11367 | -4/Factory | P-70 Sage assimilated allied G-67 Veteran 11378 | -4/Factory | Allies destroyed B-86 Titan 11415 | -4/Factory | Lost 6 allies 11537 | -4/Factory | First assault squad dispatched 11589 | -4/Factory | High security lockdown imminent 11651 | -4/Factory | Lost 6 allies 11669 | -4/Factory | High security lockdown engaged 11735 | -4/Factory | Entered Extension 11735 | -4/Extension | Accompanied by 17 allies 11819 | -4/Extension | Build established: Botlord-Tank 11855 | -4/Extension | Spotted B-86 Titan 11860 | -4/Extension | Spotted B-86 Titan 11862 | -4/Extension | Assimilated Titan 7a with formatsys_high 11872 | -4/Extension | Allies destroyed B-86 Titan 11977 | -4/Extension | Rescued a captive Derelict 11977 | -4/Extension | Rescued a captive Derelict 11985 | -4/Extension | First assault squad dispatched 12102 | -4/Extension | Rescued a captive Derelict 12386 | -4/Extension | Crushed by falling debris 12386 | -4/Extension | System corruption reached 10% 12417 | -4/Extension | Lost 3 parts (2u1w) 12426 | -4/Extension | Lost 15 allies 12445 | -4/Extension | Rescued A7 12522 | -4/Extension | Discovered new exit (range 3) 12689 | -4/Extension | Discovered new exit (range 16) 12692 | -4/Extension | Discovered new exit (range 14) 12696 | -4/Extension | High security lockdown imminent 12753 | -4/Extension | Entered Cetus 12753 | -4/Cetus | Accompanied by 21 allies (A7) 12758 | -4/Cetus | Acquired a Cetus Manufacturing Module code from A7 12776 | -4/Cetus | Spotted Cetus Guard 12776 | -4/Cetus | Spotted Cetus Guard 12778 | -4/Cetus | Spotted Cetus Guard 12779 | -4/Cetus | Destroyed Cetus Guard 12785 | -4/Cetus | Spotted Cetus Guard 12797 | -4/Cetus | Allies destroyed Cetus Guard 12798 | -4/Cetus | Destroyed Cetus Guard 12801 | -4/Cetus | Allies destroyed Cetus Guard 12830 | -4/Cetus | Lost 7 allies 12904 | -4/Cetus | Started Cetus Manufacturing Module 12925 | -4/Cetus | Escorted A7 to Cetus Mainframe 12929 | -4/Cetus | Manufactured an Enhanced Grunt 12954 | -4/Cetus | Manufactured an Enhanced Grunt 12979 | -4/Cetus | Manufactured an Enhanced Grunt 13004 | -4/Cetus | Manufactured an Enhanced Grunt 13014 | -4/Cetus | Discovered new exit (range 15) 13029 | -4/Cetus | Manufactured an Enhanced Grunt 13055 | -4/Cetus | Spotted Cetus Guard 13055 | -4/Cetus | Spotted Cetus Guard 13056 | -4/Cetus | Spotted Cetus Guard 13057 | -4/Cetus | Spotted Cetus Guard 13074 | -4/Cetus | Allies destroyed Cetus Guard 13082 | -4/Cetus | Allies destroyed Cetus Guard 13082 | -4/Cetus | Allies destroyed Cetus Guard 13083 | -4/Cetus | Allies destroyed Cetus Guard 13084 | -4/Cetus | Discovered new exit (range 15) 13095 | -4/Cetus | Met Revision 17 13105 | -4/Cetus | Found Prototype Device 13105 | -4/Cetus | Identified Exp. Thermal Shield 13111 | -4/Cetus | Lost 3 allies 13254 | -4/Cetus | Entered Archives 13254 | -4/Archives | Accompanied by 15 allies 13308 | -4/Archives | Lost 3 allies 13310 | -4/Archives | Discovered new exit (range 15) 13367 | -4/Archives | Entered Hub_04(d) 13367 | -4/Hub_04(d) | Accompanied by 12 allies 13560 | -4/Hub_04(d) | Discovered new exit (range 15) 13775 | -4/Hub_04(d) | Build established: Botlord-Mutant 13848 | -4/Hub_04(d) | Network Hub disabled 13867 | -4/Hub_04(d) | First assault squad dispatched 13885 | -4/Hub_04(d) | Spotted Lightning 13885 | -4/Hub_04(d) | Spotted Lightning 13886 | -4/Hub_04(d) | Spotted Lightning 13899 | -4/Hub_04(d) | System corruption reached 30% 13899 | -4/Hub_04(d) | Spotted Lightning 13905 | -4/Hub_04(d) | Spotted Lightning 13905 | -4/Hub_04(d) | Spotted Lightning 13913 | -4/Hub_04(d) | Lost 6 allies 13935 | -4/Hub_04(d) | Core integrity fell below 50% 13936 | -4/Hub_04(d) | Discovered new exit (range 6) 13937 | -4/Hub_04(d) | Spotted Lightning 13938 | -4/Hub_04(d) | Entered Research 13938 | -3/Research | Evolved 2 slots: Propulsion x2 13969 | -3/Research | Lost 12 parts (2p4n3u3w) 14138 | -3/Research | Revision forces began assault on 0b10 14184 | -3/Research | Met up with Revision 17++ 14225 | -3/Research | Build established: Bothacker-Mutant 14326 | -3/Research | Spotted B-86 Titan 14501 | -3/Research | Identified exit to Garrison 14544 | -3/Research | Entered Garrison 14575 | -3/Garrison | Lost 3 allies 14632 | -3/Garrison | Spotted B-86 Titan 14694 | -3/Garrison | Discovered new exit (range 43) 14694 | -3/Garrison | Discovered new exit (range 91) 14694 | -3/Garrison | Discovered new exit (range 69) 14832 | -3/Garrison | Triggered checkpoint 14867 | -3/Garrison | Garrison Relay disabled 14912 | -3/Garrison | Garrison Relay disabled 15012 | -3/Garrison | Triggered checkpoint 15056 | -3/Garrison | Triggered checkpoint 15107 | -3/Garrison | Rewired B-86 Titan 15274 | -3/Garrison | Triggered checkpoint 15281 | -3/Garrison | Expanded RIF knowledge: Coupler Efficiency 15313 | -3/Garrison | P-80 Master assimilated allied Veteran 8b 15490 | -3/Garrison | Garrison Relay disabled 15580 | -3/Garrison | Triggered checkpoint 15696 | -3/Garrison | Expanded RIF knowledge: Coupler Efficiency 15751 | -3/Garrison | System corruption reached 10% 15864 | -3/Garrison | Triggered checkpoint 15875 | -3/Garrison | Garrison Relay disabled 15897 | -3/Garrison | Garrison Relay disabled 15948 | -3/Garrison | Lost 4 allies 15961 | -3/Garrison | Entered Research 15961 | -2/Research | Accompanied by 1 ally 15961 | -2/Research | Evolved 2 slots: Utility x2 15993 | -2/Research | Found Fusion Bomb Launcher 16011 | -2/Research | Build established: Botlord-Gunner 16202 | -2/Research | Identified exit to Garrison 16231 | -2/Research | Entered Garrison 16231 | -2/Garrison | Accompanied by 1 ally 16251 | -2/Garrison | Triggered checkpoint 16275 | -2/Garrison | Garrison Relay disabled 16489 | -2/Garrison | Lost 3 allies 16490 | -2/Garrison | Spotted B-90 Cyclops 16510 | -2/Garrison | Assimilated Cyclops 9a with formatsys_high 16579 | -2/Garrison | Triggered checkpoint 16619 | -2/Garrison | Triggered checkpoint 16808 | -2/Garrison | Triggered checkpoint 16846 | -2/Garrison | Lost 3 allies 16898 | -2/Garrison | Discovered new exit (range 12) 16914 | -2/Garrison | Lost 3 allies 16935 | -2/Garrison | Triggered checkpoint 16973 | -2/Garrison | Garrison Relay disabled 17095 | -2/Garrison | Triggered checkpoint 17163 | -2/Garrison | Triggered checkpoint 17173 | -2/Garrison | Triggered checkpoint 17216 | -2/Garrison | Expanded RIF knowledge: Autoassimilate 17248 | -2/Garrison | Garrison Relay disabled 17353 | -2/Garrison | Found Prototype Device 17353 | -2/Garrison | Identified Exp. Transmission Jammer 17518 | -2/Garrison | Discovered new exit (range 7) 17520 | -2/Garrison | Found embedded Infiltrators 17635 | -2/Garrison | Discovered new exit (range 10) 17645 | -2/Garrison | Triggered checkpoint 17673 | -2/Garrison | Garrison Relay disabled 17941 | -2/Garrison | Entered Access 17941 | -1/Access | Accompanied by 24 allies 17941 | -1/Access | Evolved 2 slots: Utility x1, Weapon x1 17967 | -1/Access | Identified exit to Garrison 17974 | -1/Access | P-80 Master assimilated allied Rainmaker 9b 17993 | -1/Access | Entered Garrison 17993 | -1/Garrison | Accompanied by 22 allies 18085 | -1/Garrison | Triggered checkpoint 18085 | -1/Garrison | Triggered checkpoint 18086 | -1/Garrison | Spotted B-99 Colossus 18090 | -1/Garrison | Assimilated Colossus 10a with formatsys_high 18094 | -1/Garrison | Triggered checkpoint 18099 | -1/Garrison | Triggered checkpoint 18103 | -1/Garrison | P-80 Master assimilated allied S-43 Plague 18175 | -1/Garrison | Lost 11 allies 18226 | -1/Garrison | Garrison Relay disabled 18267 | -1/Garrison | Garrison Relay disabled 18293 | -1/Garrison | Triggered checkpoint 18303 | -1/Garrison | Lost 3 allies 18319 | -1/Garrison | Discovered new exit (range 11) 18330 | -1/Garrison | Expanded RIF knowledge: Command Fork 18660 | -1/Garrison | Discovered new exit (range 10) 18681 | -1/Garrison | Triggered checkpoint 18690 | -1/Garrison | Garrison Relay disabled 18697 | -1/Garrison | Found embedded Infiltrators 18823 | -1/Garrison | Garrison Relay disabled 18829 | -1/Garrison | Triggered checkpoint 18854 | -1/Garrison | Discovered new exit (range 15) 19039 | -1/Garrison | Entered Access 19039 | -1/Access | Accompanied by 33 allies 19099 | -1/Access | Garrison activated, responded to threat 19160 | -1/Access | Lost 11 allies 19289 | -1/Access | First assault squad dispatched 19333 | -1/Access | High security lockdown imminent 19413 | -1/Access | High security lockdown engaged 19455 | -1/Access | Build established: Botlord-Tank 19509 | -1/Access | Lost 19 allies 19614 | -1/Access | P-80 Master assimilated allied Enforcer 10f 19641 | -1/Access | Lost 3 allies 19704 | -1/Access | P-80 Master assimilated allied Warden 10e 19705 | -1/Access | P-80 Master assimilated allied Electro 10c 19738 | -1/Access | Spotted Executioner 19738 | -1/Access | Spotted Executioner 19758 | -1/Access | Allies destroyed Executioner 19761 | -1/Access | Destroyed Executioner 19781 | -1/Access | Spotted Striker 19782 | -1/Access | Spotted Investigator 19785 | -1/Access | Scanned by Researcher 19786 | -1/Access | Destroyed Investigator 19813 | -1/Access | Spotted Executioner 19832 | -1/Access | Core integrity fell below 50% 19834 | -1/Access | Released all parts (12) 19844 | -1/Access | System corruption reached 10% 19845 | -1/Access | Core integrity fell below 20% 19860 | -1/Access | Lost 34 allies 19861 | -1/Access | Destroyed by P-80 Master with Gamma Rifle Last Messages --------------- 19834_ R-10 Processor inserts Corrupted Adv. Heat Sink into recycling unit. 19835_ The unstable cave ceiling collapses. 19835_ Relay Coupler [Heavy] crushed. 19835_ M-36 Artificer repairs R-10 Processor Com. Wheel. 19835_ R-10 Processor collects Relay Coupler [Heavy]. 19836_ Penetrated by Slug. 19836_ Slug penetrates Wall. 19837_ B-74 Champion heat damages Hvy. Armor Plating. 19837_ G-73 Enforcer IFF system glitched. 19837_ B-74 Champion suffers critical hit (Burn). 19837_ P-80 Master resets P-80 Master, system corruption cleaned. 19837_ P-80 Master resets I-47 Archangel, system corruption cleaned. 19837_ R-10 Processor inserts Myomer Leg into recycling unit. 19844_ Slug penetrates Wall. 19844_ Penetrated by Slug. 19844_ Slug penetrates Wall. 19845_ Door malfunctions. 19849_ System corrupted: Matter fused (-5). 19853_ P-80 Master resets Striker, system corruption cleaned. Map ----- +----------------------------------------------------+ | ?????????????##?###### ]%%**]% = | | ??????????????"T""" " ! !!! % ! = | | ??????????????" """ #** !!=! % * =% | | ?????????????? ???#* " %!!!!* % *% | | ?????????????? ??# ="%= ! ###%%# | | ???????????????"" ??# "%% ## = | | ???????????????"" ?###/## # # % / | | ?????????????"""""" ?# ### # # # %[""G"" | | ??????????? """""" # #?# #### # %[ "%"= | | ?????????? "" # #?# #??## =["%"*! | | ?????????? "" + #?# #???# [[=%==![! | | ????????? # #?# #???## [ =[! | | ????????# # #?# #????# % %=%= | | ????????#######+###### ### #????# %=|!!% | | ????????? #????# = | | ????????? #????# | | ????????? #????# | | ????????? #????########"### | | ??????????#####+#############/######??????????# ?? | | ??????????????????????# p ipi #???????????##? | | ??????????????????????# Yx #????????????? | | ??????????????????????#xpp"""""" ##????????????? | | ??????????????????????# """""" #?????????????? | | ??????????????????????# % """""" #?????????????? | | ??????????????????????# """""" #?????????????? | | ??????????????????????# K@"""""" #?????????????? | | ??????????????????????# #?????????????? | | ??????????????????????# #?????????????? | | ??????????????????????# #?????????????? | | ??????????????????????# #?????????????? | | ??????????????????????# #?????????????? | | ??????????????????????###;##########?????????????? | | ????????????????????????# #??????????????????????? | | ????????????????????????###??????????????????????? | | ?????????????????????????????????????????????????? | | ?????????????????????????????????????????????????? | | ?????????????????????????????????????????????????? | | ?????????????????????????????????????????????????? | | ?????????????????????????????????????????????????? | | ?????????????????????????????????????????????????? | | ?????????????????????????????????????????????????? | | ?????????????????????????????????????????????????? | | ?????????????????????????????????????????????????? | | ?????????????????????????????????????????????????? | | ?????????????????????????????????????????????????? | | ?????????????????????????????????????????????????? | | ?????????????????????????????????????????????????? | | ?????????????????????????????????????????????????? | | ?????????????????????????????????????????????????? | | ?????????????????????????????????????????????????? | +----------------------------------------------------+ Best States ------------- Heat Dissipation 84 Coolant Potential 80 Energy Generation 45 Energy Capacity 600 Matter Stores 300 Matter Capacity 300 Sight Range 22 Terrain Scan Range 24 Terrain Scan Density 10 Jamming Range 22 Base Temperature (-) 200 Armor Coverage 600 Resistance: TH 30 Propulsion Shielding 33 Weapon Cycling 20 Evasion (%) 70 Targeting Accuracy 8 Target Analysis 8 Core Analysis 6 Recoil Reduction 4 Particle Charging 25 Offensive Hacking 10 Defensive Hacking 14 Relay Coupler Types 10 Relay Coupler Value 561 Item Schematics ----------------- None Robot Schematics ------------------ None Fabricated ------------ Nothing Repaired ---------- Nothing Alien Tech Used ----------------- None Achievements -------------- None Challenges ------------ None Game ------ Seed MiniAdvancedWheel Manual? 0 Play Time 05:02:27 Cumulative 307.0 hours Start 2025.08.02 @ 11:00:17 End 2025.08.03 @ 13:55:56 Sessions 5 Manual Loads 0 Difficulty Rogue Special Mode None Game No. 126 Rogue 55 Adventurer 68 Explorer 3 Win Type - Total 24 Types 16/1/1/4/1/0/0/0/0/1 Lore% 76 Gallery% 73 Achievement% 71 Wizard Run 0 Options --------- Layout 0 ASCII 0 Keyboard 0 Movement Numpad Keybinds 0 Fullscreen 1 Font 24/Smallcaps Map View 76x50 Zoom Use 0% Tactical HUD 1 Map Filters NONE Filters NONE Steam 1 RUN: 5dc1982f-d55a-440e-96ff-359e3fcc3f6e